 Dungeon Crawl Stone Soup version 0.19-a0-1361-g42bf4bf (webtiles) character file.

2649 Magifyre the Arsonist (level 9, -6/45 HPs)
             Began as a Deep Elf Fire Elementalist on Sept 2, 2016.
             Was an Initiate of Vehumet.
             Mangled by a cyan ugly thing (11 damage)
             ... on level 7 of the Dungeon.
             The game lasted 00:41:30 (8981 turns).

Magifyre the Arsonist (Deep Elf Fire Elementalist)  Turns: 8981, Time: 00:41:31

Health: -6/45      AC:  6    Str:  5    XL:     9   Next: 36%
Magic:  7/23       EV: 13    Int: 24    God:    Vehumet [......]
Gold:   352        SH:  0    Dex: 15    Spells: 5 memorised, 9 levels left

rFire  . . .     SeeInvis .     J - +0 rapier (venom)
rCold  . . .     Gourm    .     a - +0 robe
rNeg   . . .     Faith    .     (no shield)
rPois  +         Spirit   .     (no helmet)
rElec  .         Dismiss  .     e - +0 cloak
rCorr  .         Reflect  .     p - +2 pair of gloves
MR     .....     Harm     .     (no boots)
Stlth  ++........               (no amulet)
                                j - ring of wizardry
                                x - ring of poison resistance

@: no status effects
A: no striking features
a: Renounce Religion


You were on level 7 of the Dungeon.
You worshipped Vehumet.
Vehumet was noncommittal.
You were near starving.

You visited 2 branches of the dungeon, and saw 9 of its levels.
You also visited: Ossuary.

You collected 352 gold pieces.

Inventory:

Hand Weapons
 J - a +0 rapier of venom (weapon)
Missiles
 t - 4 throwing nets (quivered)
Armour
 a - a +0 robe (worn)
 e - a +0 cloak (worn)
 p - a +2 pair of gloves (worn)
Jewellery
 j - a ring of wizardry (right hand)
 x - a ring of poison resistance (left hand)
Scrolls
 d - 3 scrolls of remove curse
 g - 5 scrolls of magic mapping
 i - 7 scrolls of teleportation
 o - 2 scrolls of noise {unknown}
 r - a scroll of recharging {unknown}
 u - a scroll of enchant armour {unknown}
 v - 2 scrolls of blinking {unknown}
 y - a scroll of silence {unknown}
 G - a scroll of random uselessness {unknown}
 I - a scroll of holy word {unknown}
Potions
 f - a potion of agility
 h - 4 potions of lignification
 l - 2 potions of might
 m - 3 potions of heal wounds
 n - 3 potions of brilliance
 q - 2 potions of magic
 s - 3 potions of haste
 w - a potion of flight
 z - 6 potions of curing
 A - a potion of beneficial mutation {unknown}
 B - a potion of resistance {unknown}
 C - a potion of experience {unknown}
 F - a potion of degeneration {unknown}
 H - a potion of ambrosia {unknown}
Books
 b - a book of Flames

   Spells                             Type                      Level
   a - Flame Tongue                   Conjuration/Fire             1
   b - Throw Flame                    Conjuration/Fire             2
   c - Conjure Flame                  Conjuration/Fire             3
   d - Inner Flame                    Hexes/Fire                   3
   e - Sticky Flame                   Conjuration/Fire             4
   f - Fireball                       Conjuration/Fire             5
Comestibles
 c - 8 bread rations
 k - 5 meat rations
 D - 5 fruits


   Skills:
 - Level 0.1 Fighting
 - Level 2.4 Dodging
 - Level 2.4 Stealth
 + Level 8.3 Spellcasting
 * Level 9.1 Conjurations
 * Level 9.1 Fire Magic


You had 9 spell levels left.
You knew the following spells:

 Your Spells              Type           Power        Failure   Level  Hunger
a - Flame Tongue          Conj/Fire      #####        1%          1    None
b - Throw Flame           Conj/Fire      ######       1%          2    None
c - Conjure Flame         Conj/Fire      ######..     1%          3    None
d - Sticky Flame          Conj/Fire      ######..     1%          4    ##.....
e - Fireball              Conj/Fire      ######....   1%          5    ####...


Dungeon Overview and Level Annotations

Branches:
Dungeon (8/15)             Temple (1/1) D:7
   Lair: D:8-11

Altars:
Ashenzari
Cheibriados
Dithmenos
Elyvilon
Fedhas
Gozag
Hepliaklqana
Kikubaaqudgha
Makhleb
Nemelex Xobeh
Okawaru
Qazlal
Ru
Sif Muna
Trog
Uskayaw
Vehumet
Xom
Yredelemnul
Zin
The Shining One

Annotations:
D:8 Erica


Message History

Casting: Sticky Flame
Confirm with . or Enter, or press ? or * to list all spells.
Aiming: Sticky Flame
Press: ? - help, Shift-Dir - straight line, f/p - cyan ugly thing
Aim: a cyan ugly thing (moderately wounded, covered in liquid flames)
The sticky flame hits the cyan ugly thing.
The cyan ugly thing is moderately wounded.
The cyan ugly thing is covered in liquid flames!
The cyan ugly thing burns!
The cyan ugly thing kicks you but does no damage.
Casting: Sticky Flame
Confirm with . or Enter, or press ? or * to list all spells.
Aiming: Sticky Flame
Press: ? - help, Shift-Dir - straight line, f/p - cyan ugly thing
Aim: a cyan ugly thing (moderately wounded, covered in liquid flames)
The sticky flame hits the cyan ugly thing.
The cyan ugly thing is heavily wounded.
You are near starving!
The cyan ugly thing burns!
The cyan ugly thing kicks you!
You die...

#.# ######## #.# #......#
#.# ######......# #.#
#....#......# #.###
#....#...(..###### #.#.#
#....#......##...###.#.#
###....#......##.#.......#
...............u@..#####.#
###...........##.#.# ###.#
#.....########.#.# #...#
####...##....#.#.#####.#
#...#####.#.........#
#####...#####.###.#######
#.................#
#.####.############ ##.#
#.#


You could see a cyan ugly thing (burning).

Vanquished Creatures
  The ghost of Akrasiac the Destroyer, a novice HuWn of Okawaru (D:7)
  2 orc warriors
  A phantom (D:6)
  A sky beast (D:7)
  2 ogres
  A centaur (D:6)
  A big kobold (D:5)
  2 giant frogs
  A scorpion (D:6)
  A howler monkey (D:3)
  2 crimson imps (D:6)
  4 centaur zombies (Ossuary)
  4 giant frog zombies (D:5)
  A jelly (D:5)
  A centaur skeleton (D:5)
  2 giant frog skeletons (D:5)
  2 orc priests (D:7)
  2 hounds
  3 orc wizards
  An iguana (D:6)
  3 worker ants
  A killer bee zombie (D:6)
  3 big kobold zombies (Ossuary)
  4 mummies (Ossuary)
  5 worker ant zombies
  4 gnolls (D:2)
  9 adders
  A howler monkey skeleton (D:5)
  2 oozes
  2 adder zombies
  3 adder skeletons
  A dart slug (D:2)
  5 giant geckos
  14 orcs
  12 bats
  5 giant cockroaches
  10 goblins
  4 hobgoblins
  14 jackals
  17 kobolds
  A quokka (D:3)
  3 ball pythons (D:3)
  2 giant gecko zombies (D:5)
  6 giant newts
  2 hobgoblin zombies (Ossuary)
  A jackal skeleton (D:5)
  2 quokka skeletons
  4 quokka zombies (D:5)
  8 rats
183 creatures vanquished.

Notes
Turn   | Place    | Note
-------+----------+-------------------------------------------
     0 | D:1      | Magifyre the Deep Elf Fire Elementalist began the quest for the Orb.
     0 | D:1      | Reached XP level 1. HP: 10/10 MP: 6/6
   221 | D:1      | Reached XP level 2. HP: 15/15 MP: 4/8
   226 | D:1      | Learned a level 2 spell: Throw Flame
   774 | D:2      | Reached XP level 3. HP: 18/19 MP: 0/9
  1432 | D:2      | Learned a level 3 spell: Conjure Flame
  1452 | D:2      | Reached XP level 4. HP: 24/24 MP: 0/11
  1931 | D:3      | Learned a level 4 spell: Sticky Flame
  2365 | D:3      | Reached XP level 5. HP: 28/28 MP: 6/13
  2379 | D:3      | Noticed an ogre
  2436 | D:3      | Killed an ogre
  2557 | D:3      | Reached XP level 6. HP: 23/32 MP: 9/14
  2897 | D:4      | Reached skill level 5 in Fire Magic
  2934 | D:4      | Found a shadowy altar of Dithmenos.
  3206 | D:4      | Reached skill level 5 in Spellcasting
  3206 | D:4      | Reached skill level 5 in Conjurations
  3506 | D:5      | Entered Level 5 of the Dungeon
  3608 | D:5      | Found a sand-covered staircase.
  3613 | Ossuary  | Entered an ossuary
  3761 | Ossuary  | Reached XP level 7. HP: 13/36 MP: 9/17
  4401 | D:5      | Learned a level 5 spell: Fireball
  5137 | D:5      | Reached XP level 8. HP: 41/41 MP: 1/19
  5932 | D:5      | Got a sapphire whip
  5933 | D:5      | Identified the cursed +0 whip of the Goat {drain, rPois rF- Dex+3 SInv} (You found it on level 5 of the Dungeon)
  6963 | D:6      | Found a bloodstained altar of Trog.
  7475 | D:7      | Noticed Akrasiac's ghost (novice HuWn)
  7494 | D:7      | Killed Akrasiac's ghost
  7494 | D:7      | Reached XP level 9. HP: 32/45 MP: 1/22
  8282 | D:7      | Found a staircase to the Ecumenical Temple.
  8403 | D:7      | Found a white marble altar of Elyvilon.
  8406 | D:7      | Found a sparkling altar of Nemelex Xobeh.
  8409 | D:7      | Found a snail-covered altar of Cheibriados.
  8644 | Temple   | Entered the Ecumenical Temple
  8682 | Temple   | Became a worshipper of Vehumet
  8975 | D:8      | Noticed Erica
  8975 | D:8      | Noticed a cyan ugly thing
  8981 | D:7      | Mangled by a cyan ugly thing

Vault maps used:
D:1:      evilmike_arrival_crescent
D:2:      first_bread
D:3:      minivault_26
D:4:      grunt_dithmenos_smoke
D:5:      serial_undead, serial_undead_b, serial_undead_c, serial_undead_e,
          serial_undead_e, serial_undead_d, serial_undead_f, serial_undead_c,
          enter_ossuary_5, st_stairs_13
D:6:      trog_butcher_becter
D:7:      grunt_temple_overflow_diamond
D:8:      lemuel_slime, uniq_maurice, uniq_erica
Temple:   regret_index_temple_mists
Ossuary:  ossuary_the_hunt_dpeg

Skill      XL: |  1  2  3  4  5  6  7  8  9 |
---------------+----------------------------+-----
Conjurations   | 2 3 4 5 6 8 9 |  9.1
Spellcasting   | 4 5 6 7 8 |  8.3
Fire Magic     | 4 5 6 8 9 |  9.1
Fighting       | |  0.1
Dodging        | |  2.4
Stealth        | |  2.4

Action                   |  1- 3 |  4- 6 |  7- 9 || total
-------------------------+-------+-------+-------++-------
Melee: Spear             |    11 |     4 |       ||    15
       Short sword       |       |     4 |    14 ||    18
       Rapier            |       |       |    25 ||    25
 Cast: Flame Tongue      |    54 |    67 |   134 ||   255
       Throw Flame       |    16 |    41 |    44 ||   101
       Conjure Flame     |     1 |       |     2 ||     3
       Fireball          |       |       |    22 ||    22
       Sticky Flame      |       |       |    16 ||    16
  Use: Scroll            |       |       |    11 ||    11
  Eat: Chunk             |     2 |     8 |    17 ||    27
       Fruit             |       |       |     2 ||     2
       Pizza             |       |       |     1 ||     1
Armor: Robe              |     7 |     2 |    24 ||    33
Dodge: Dodged            |    21 |    14 |    65 ||   100
